 Dungeon Crawl Stone Soup version 0.26.0-10-g1f06aea511 (webtiles) character file.

Game seed: 14644831879802333152

7 mopl the Ruffian (level 1, 0/17 HPs)
             Began as a Palentonga Transmuter on Jan 19, 2021.
             Slain by an adder (1 damage)
             ... on level 2 of the Dungeon.
             The game lasted 00:00:36 (415 turns).

mopl the Ruffian (Palentonga Transmuter)             Turns: 415, Time: 00:00:37

Health: 0/17       AC:  4    Str: 13    XL:     1   Next: 83%
Magic:  2/3        EV: 10    Int: 13    God:
Gold:   10         SH:  0    Dex: 10    Spells: 3/4 levels left

rFire    . . .     SeeInvis +     - Unarmed
rCold    . . .     Faith    .   (no shield)
rNeg     . . .     Spirit   .   a - +0 robe
rPois    .         Reflect  .   (helmet currently unavailable)
rElec    .         Harm     .   (no cloak)
rCorr    .         Rampage  .   (no gloves)
Will     .....                  (no barding)
Stlth    +.........             (no amulet)
HPRegen  0.05/turn              (no ring)
MPRegen  0.08/turn              (no ring)

@: lethally poisoned (0 -> -4), appendages (expiring)
A: large, horns 2, talons 2, rugged brown scales 3, see invisible, deformed
body, roll 1, armoured tail
a: Rolling Charge, End Transformation


You were on level 2 of the Dungeon.
You had grown temporary horns.
You had grown temporary talons.
You visited 1 branch of the dungeon, and saw 3 of its levels.

You collected 10 gold pieces.

Inventory:

Armour
 a - a +0 robe (worn)
Scrolls
 b - a scroll of fog {unknown}
 c - 3 scrolls of remove curse {unknown}
Potions
 d - 2 potions of curing {unknown}


   Skills:
 - Level 1.0 Fighting
 - Level 1.5 Dodging
 * Level 3.2 Unarmed Combat
 + Level 2.1 Spellcasting
 * Level 2.2 Transmutations


You had 3 spell levels left.
You knew the following spells:

 Your Spells              Type           Power        Failure   Level
a - Beastly Appendage     Tmut           14%          10%         1

Your spell library contained the following spells:

 Spells                   Type           Power        Failure   Level
 Wereblood                Tmut           7%           16%         2
 Spider Form              Tmut/Pois      2%           43%         3
 Ice Form                 Ice/Tmut       4%           85%         4
 Blade Hands              Tmut           3%           95%         5


Dungeon Overview and Level Annotations

Branches:
Dungeon (3/15)

Altars:


Innate Abilities, Weirdness & Mutations

You are completely covered in rugged brown scales. (AC +3, +7% HP)
You have supernaturally acute eyesight. (SInv)
Armour fits poorly on your strangely shaped body.
You can roll at nearby foes to attack.
You have a long armoured tail.
You have a pair of horns on your head.
You have razor-sharp toenails.


Message History

Unknown command.
You hit the adder but do no damage.
The adder is moderately wounded.
The adder bites you but does no damage.
You closely miss the adder. Your kick misses the adder.
Your tail-slap misses the adder.
The adder is moderately wounded.
* * * LOW HITPOINT WARNING * * *
You feel sick. The adder bites you.
* * * LOW HITPOINT WARNING * * *
The adder bites you but does no damage.
Unknown command.
You hit the adder.
The adder is severely wounded.
Your transformation is almost over.
The adder barely misses you.
You hit the adder.
The adder is almost dead.
The adder bites you.
You die...

.......## #.# ........#
#.# ........# #.#
...#.#..# #.# ........#
#.# ...#.#..###.#
#........##.#####
##........#.....####.#
#..........#..#.@S...#
#......>...#..#####...#
#..........#..# ...
#..........#..# #
#..........#..#
##......>.##.##
#..........#.#
#..........#
#..........#


You could see an adder.

Vanquished Creatures
  2 worms (D:2)
2 creatures vanquished.

Vanquished Creatures (others)
  A fungus (D:2)
1 creature vanquished.

Grand Total: 3 creatures vanquished

Notes
Turn   | Place    | Note
-------+----------+-------------------------------------------
     0 | D:1      | mopl the Palentonga Transmuter began the quest for the Orb.
     0 | D:1      | Reached XP level 1. HP: 17/17 MP: 3/3
    59 | D:1      | You fall into a shaft and drop 1 floor!
   415 | D:2      | Slain by an adder

Illustrated notes

Levels and vault maps discovered:
D:1:      evilmike_arrival_rings, layout_loops_cross,
          ebering_dispersal_statue_hall, hex_tiny
D:2:      minmay_recursive_quarters, layout_rooms, serial_glass,
          glass_columns_a, glass_columns_a, glass_columns_c, glass_columns_b,
          glass_columns_a, glass_columns_b, minmay_rat_gold_closets,
          uniq_crazy_yiuf_cottage
D:3:      layout_basic, tso_altar, uniq_jessica, uniq_grinder

Action                   || total
-------------------------++-------
Melee: Unarmed           ||    15
       Kick              ||     3
       Headbutt          ||     1
 Cast: Beastly Appendage ||     3
Armor: Robe              ||     3
Dodge: Dodged            ||     5
